 Dungeon Crawl Stone Soup version 0.29-a0-284-gf9362112df (webtiles) character file.

Game seed: 18059946062208528551

49 gzilladon the Sneak (level 3, -1/16 HPs)
             Began as a Spriggan Enchanter on Mar 24, 2022.
             Slain by an adder (3 damage)
             ... on level 2 of the Dungeon.
             The game lasted 00:07:54 (2371 turns).

gzilladon the Sneak (Spriggan Enchanter)            Turns: 2371, Time: 00:07:55

Health: -1/16      AC:  2    Str:  4    XL:     3   Next: 53%
Magic:  8/8        EV: 17    Int: 16    God:
Gold:   56         SH:  0    Dex: 17    Spells: 7/7 levels left

rFire   . . .      SeeInvis +   a - +1 dagger
rCold   . . .      Faith    .   (no shield)
rNeg    . . .      Spirit   .   b - +0 robe
rPois   .          Reflect  .   (helmet restricted)
rElec   .          Harm     .   (no cloak)
rCorr   .          Rampage  .   (gloves unavailable)
Will    .....                   (boots unavailable)
Stlth   +++.......              (no amulet)
HPRegen 0.05/turn               (no ring)
MPRegen 0.11/turn               (no ring)

@: lethally poisoned (-1 -> -6), very quick
A: very small, no large weapons, unfitting armour, see invisible, speed 3
a: no special abilities


You were on level 2 of the Dungeon.
You visited 1 branch of the dungeon, and saw 2 of its levels.

You collected 56 gold pieces.

Inventory:

Hand Weapons
 a - a +1 dagger (weapon)
Missiles
 d - 6 atropa-tipped darts (quivered)
 g - 67 stones
 k - 2 poisoned darts
Armour
 b - a +0 robe (worn)
 l - a +0 helmet
Scrolls
 e - a scroll of teleportation {unknown}
 h - a scroll of immolation {unknown}
Potions
 c - 2 potions of invisibility
 f - a potion of heal wounds {unknown}
 i - 2 potions of lignification {unknown}
 j - a potion of mutation {unknown}


   Skills:
 + Level 0.2 Fighting
 + Level 1.6 Short Blades
 + Level 2.7 Dodging
 * Level 6.2 Stealth
 + Level 2.8 Spellcasting
 + Level 3.9 Hexes


You had 7 spell levels left.
You didn't know any spells.
Your spell library contained the following spells:

 Spells                   Type           Power      Damage    Failure   Level
 Confusing Touch          Hex            15%        N/A       11%         3
 Tukima's Dance           Hex            15%        N/A       11%         3
 Ensorcelled Hibernation  Hex/Ice        16%        N/A       13%         2
 Beastly Appendage        Tmut           4%         N/A       19%         1
 Dazzling Flash           Conj/Hex       16%        N/A       26%         3
 Wereblood                Tmut           2%         N/A       28%         2
 Spider Form              Tmut/Pois      2%         N/A       50%         3
 Animate Armour           Summ/Erth      4%         N/A       88%         4
 Hailstorm                Conj/Ice       2%         3d3       88%         4
 Ice Form                 Ice/Tmut       2%         N/A       88%         4
 Blade Hands              Tmut           1%         N/A       99%         5
 Iron Shot                Conj/Erth      1%         9d1       100%        6
 Simulacrum               Ice/Necr       1%         N/A       100%        6


Dungeon Overview and Level Annotations

Branches:
Dungeon (2/15)

Altars:
Ashenzari


Innate Abilities, Weirdness & Mutations

You are very small and have problems with some larger weapons.
You are too small for most types of armour.
You have supernaturally acute eyesight. (SInv)
You cover ground extremely quickly. (Speed+++)


Message History

You kill the quokka!
A quokka comes into view.
Found a book of the Tundra.
You see here 26 stones.
g - 67 stones (gained 26)
You hit the quokka.
The quokka is severely wounded.
The quokka misses you.
You hit the quokka.
You kill the quokka!
An adder comes into view.
Found 4 gold pieces.
You see here a book of the Tundra.
The helpless adder fails to defend itself.
You impale the adder!!
You kill the adder!
You pick up a book of the Tundra and begin reading...
You add the spells Hailstorm, Ice Form and Simulacrum to your library.
You now have 56 gold pieces (gained 4).
An adder comes into view.
The adder hisses angrily.
You miss the adder. The adder completely misses you.
You closely miss the adder. The adder bites you.
You hit the adder.
The adder is moderately wounded.
The adder closely misses you. The adder misses you.
You hit the adder.
The adder is moderately wounded.
The adder bites you.
You hit the adder.
The adder is severely wounded.
The adder bites you.
* * * LOW HITPOINT WARNING * * *
You are lethally poisoned!
The adder poisons you!
You miss the adder.
The adder is severely wounded.
* * * LOW HITPOINT WARNING * * *
You feel sick. The adder bites you.
You die...

#. #. #. #.##
#..# ##.##
#######...####.#
#.........@S...#
#.###.#...######
#.##.## #.##.#
#.##.## ###
#.##.. ... #.##.#
#.. ..
#.##.#####.####.#
#...............


You could see an adder.

Vanquished Creatures
  An adder (D:2)
  3 dart slugs (D:1)
  4 ball pythons (D:1)
  A bat (D:2)
  7 endoplasms
  A goblin (D:1)
  A hobgoblin (D:1)
  3 jackals (D:2)
  3 quokkas
  A frilled lizard (D:1)
  2 kobolds (D:1)
  2 rats (D:1)
29 creatures vanquished.

Notes
Turn   | Place    | Note
-------+----------+-------------------------------------------
     0 | D:1      | gzilladon the Spriggan Enchanter began the quest for the
                  | Orb.
     0 | D:1      | Reached XP level 1. HP: 9/9 MP: 5/5
   292 | D:1      | Reached skill level 5 in Stealth
   292 | D:1      | Reached XP level 2. HP: 3/13 MP: 6/6
  1800 | D:1      | Reached XP level 3. HP: 16/16 MP: 8/8
  2258 | D:2      | Found a broken altar of Ashenzari.
  2294 | D:2      | Reached skill level 6 in Stealth
  2371 | D:2      | Slain by an adder

Illustrated notes

Levels and vault maps discovered:
D:1:      minmay_arrival_stone_box, layout_basic,
          shapermc_ecumenical_altar_pompeii
D:2:      layout_loops_ring, basic_altar, minmay_door_square

Skill      XL: |  1  2  3 |
---------------+----------+-----
Stealth        | 5 6 |  6.2
Fighting       | |  0.2
Short Blades   | |  1.6
Dodging        | |  2.7
Spellcasting   | |  2.8
Hexes          | |  3.9

Action                   || total
-------------------------++-------
Melee: Dagger            ||   106
       Punch             ||     1
 Stab: Sleeping          ||     5
       Distracted        ||     1
Armor: Robe              ||    10
Dodge: Dodged            ||    61

Table legend: (Time is in decaauts)
 A = Elapsed time spent in this place.
 B = Non-inter-level travel time spent in this place.
 C = Inter-level travel time spent in this place.
 D = Time resting spent in this place.
 E = Time spent auto-exploring this place.
 F = Levels seen in this place.
 G = Mean time per level.
                   A        B        C        D        E       F      G
               +--------+--------+--------+--------+--------+-----+--------+
         Total |   1927 |   1908 |     19 |   1127 |      0 |   2 |  963.5 |
       Dungeon |   1927 |   1908 |     19 |   1127 |      0 |   2 |  963.5 |
               +--------+--------+--------+--------+--------+-----+--------+

Top non-repeatable levels by time:
     D:1: 1567 daAuts
     D:2: 359 daAuts
